General information
- name: BNet
- type: Ladder team game (AT/RT)
- host: Battle.net
- saver: Invisibility
map: Deadlock
- players: 8
- length: 41:07
- speed: Fast
- version: 1.26 W3XP
- replay type: Public
» download(224 KB)
Players
team 1 (loser)

»
GobbleGobbleNub (
green | 143 APM | 4709 actions | 32:49)
5 Demon Hunter
3 Mana Burn
2 Evasion
4 Pandaren Brewmaster
2 Breath of Fire
2 Drunken Haze
» actions
| Assign group hotkey | 87 | |
| Basic commands | 639 | |
| Build / train | 189 | |
| ESC pressed | 1 | |
| Enter build submenu | 24 | |
| Enter hero's abilities submenu | 9 | |
| Give item / drop item | 7 | |
| Remove unit from queue | 5 | |
| Right click | 1303 | |
| Select / deselect | 1472 | |
| Select group hotkey | 677 | |
| Use ability | 296 | |
4709 total
» units
| Wisp | 60 | |
| Druid of the Claw | 9 | |
| Dryad | 1 | |
| Mountain Giant | 9 | |
79 total
» upgrades
| Ultravision | 1 | |
| Druid of the Claw Training | 2 | |
| Backpack | 1 | |
| Mark of the Claw | 1 | |
| Strength of the Wild | 2 | |
| Well Spring | 1 | |
| Abolish Magic | 1 | |
| Hardened Skin | 1 | |
| Resistant Skin | 2 | |
| Reinforced Hides | 1 | |
13 total
» buildings
| Altar of Elders | 1 | |
| Moon Well | 5 | |
| Ancient of Wonders | 3 | |
| Hunter's Hall | 1 | |
| Tree of Ages | 5 | |
| Tree of Eternity | 2 | |
| Ancient of Lore | 2 | |
| Ancient Protector | 4 | |
| Tree of Life | 4 | |
27 total
» build order
00:04 Altar of Elders
00:05 Moon Well
00:50 Ancient of Wonders
01:46 Hunter's Hall
02:14 Moon Well
02:42 Tree of Ages
02:42 Tree of Ages
02:43 Tree of Ages
03:25 Moon Well
03:28 Moon Well
05:07 Tree of Eternity
05:20 Ancient of Lore
06:45 Ancient of Lore
10:56 Ancient Protector
11:32 Tree of Life
11:53 Ancient of Wonders
13:06 Tree of Life
16:15 Moon Well
16:37 Tree of Life
16:45 Ancient Protector
16:50 Ancient Protector
16:50 Ancient Protector
17:23 Tree of Ages
19:18 Ancient of Wonders
19:46 Tree of Eternity
19:50 Tree of Life
» items
| Dust of Appearance | 1 | |
| Lesser Clarity Potion | 12 | |
| Staff of Preservation | 1 | |
| Potion of Healing | 5 | |
| Staff of Teleportation | 7 | |
| Boots of Speed | 5 | |
| Orb of Venom | 3 | |
| Scroll of Town Portal | 20 | |
| Anti-magic Potion | 3 | |
| Potion of Mana | 2 | |
| Potion of Lesser Invulnerability | 2 | |
61 total
HaveSomeWine (
yellow | 43 APM | 1781 actions | 41:06)
7 Blademaster
3 Wind Walk
3 Critical Strike
1 Bladestorm
» actions
| Assign group hotkey | 34 | |
| Basic commands | 220 | |
| Build / train | 71 | |
| Enter build submenu | 42 | |
| Enter hero's abilities submenu | 7 | |
| Give item / drop item | 5 | |
| Right click | 602 | |
| Select / deselect | 315 | |
| Select group hotkey | 372 | |
| Use ability | 113 | |
1781 total
» units
| Peon | 19 | |
| Grunt | 4 | |
| Troll Batrider | 7 | |
| Wind Rider | 9 | |
39 total
» upgrades
| Ranged Weapons | 3 | |
| Armor | 3 | |
| Pillage | 1 | |
| Reinforced Defenses | 1 | |
| Liquid Fire | 1 | |
| Envenomed Spears | 1 | |
10 total
» buildings
| Orc Burrow | 6 | |
| Altar of Storms | 1 | |
| Barracks | 1 | |
| Voodoo Lounge | 1 | |
| Stronghold | 4 | |
| Great Hall | 4 | |
| War Mill | 2 | |
| Beastiary | 4 | |
| Watch Tower | 24 | |
| Fortress | 1 | |
48 total
» build order
00:12 Orc Burrow
00:52 Altar of Storms
00:54 Barracks
01:11 Orc Burrow
01:39 Voodoo Lounge
02:50 Stronghold
02:51 Stronghold
02:51 Stronghold
04:52 Great Hall
05:13 War Mill
05:49 Beastiary
05:51 Beastiary
05:56 Orc Burrow
06:45 Watch Tower
06:46 Watch Tower
06:46 Watch Tower
06:46 Watch Tower
10:07 Fortress
10:10 Beastiary
10:13 Beastiary
17:21 Great Hall
20:41 War Mill
27:31 Watch Tower
27:31 Watch Tower
27:32 Watch Tower
27:32 Watch Tower
27:34 Watch Tower
27:59 Great Hall
28:28 Orc Burrow
28:32 Orc Burrow
28:34 Orc Burrow
29:01 Watch Tower
29:10 Watch Tower
29:10 Watch Tower
29:11 Watch Tower
29:12 Watch Tower
29:13 Watch Tower
29:14 Watch Tower
29:15 Watch Tower
29:40 Great Hall
29:43 Watch Tower
29:43 Watch Tower
29:44 Watch Tower
29:44 Watch Tower
29:44 Watch Tower
29:45 Watch Tower
30:24 Watch Tower
» items
| Healing Salve | 3 | |
| Boots of Speed | 1 | |
| Orb of Lightning | 1 | |
| Scroll of Town Portal | 2 | |
| Staff of Teleportation | 1 | |
| Periapt of Vitality | 1 | |
9 total

»
ANTI03 (
red | 25 APM | 785 actions | 30:54)
4 Blademaster
2 Wind Walk
2 Critical Strike
» actions
| Assign group hotkey | 6 | |
| Basic commands | 6 | |
| Build / train | 75 | |
| Enter build submenu | 25 | |
| Enter hero's abilities submenu | 4 | |
| Right click | 324 | |
| Select / deselect | 295 | |
| Select group hotkey | 2 | |
| Use ability | 48 | |
785 total
» units
| Peon | 40 | |
| Grunt | 2 | |
| Troll Headhunter/Berserker | 12 | |
| Tauren | 3 | |
| Shaman | 2 | |
59 total
» upgrades
| Armor | 1 | |
| Berserker Strength | 1 | |
| Troll Regeneration | 1 | |
| Berserker Upgrade | 1 | |
| Shaman Training | 2 | |
6 total
» buildings
| Orc Burrow | 13 | |
| Altar of Storms | 1 | |
| Barracks | 1 | |
| War Mill | 1 | |
| Stronghold | 1 | |
| Voodoo Lounge | 1 | |
| Fortress | 1 | |
| Spirit Lodge | 1 | |
| Tauren Totem | 2 | |
| Great Hall | 2 | |
24 total
» build order
00:12 Orc Burrow
00:15 Altar of Storms
01:23 Orc Burrow
02:46 Barracks
03:05 War Mill
03:42 Stronghold
05:06 Voodoo Lounge
05:54 Orc Burrow
06:06 Fortress
06:10 Spirit Lodge
07:01 Orc Burrow
10:32 Orc Burrow
10:38 Orc Burrow
10:44 Tauren Totem
11:26 Orc Burrow
11:40 Tauren Totem
13:35 Orc Burrow
18:08 Orc Burrow
18:56 Great Hall
22:22 Orc Burrow
27:11 Orc Burrow
27:34 Orc Burrow
27:37 Orc Burrow
29:22 Great Hall
» items
| Healing Salve | 1 | |
| Lesser Clarity Potion | 1 | |
| Potion of Healing | 1 | |
3 total
prolifious (
orange | 18 APM | 751 actions | 41:06)
5 Archmage
3 Summon Water Elemental
2 Blizzard
» actions
| Assign group hotkey | 7 | |
| Basic commands | 1 | |
| Build / train | 57 | |
| Enter build submenu | 31 | |
| Enter hero's abilities submenu | 5 | |
| Right click | 242 | |
| Select / deselect | 352 | |
| Select group hotkey | 9 | |
| Use ability | 47 | |
751 total
» units
| Peasant | 11 | |
| Footman | 6 | |
| Rifleman | 4 | |
| Mortar Team | 10 | |
| Knight | 1 | |
| Siege Engine | 1 | |
33 total
» upgrades
| Masonry | 1 | |
| Long Rifles | 1 | |
| Gunpowder | 2 | |
| Armor | 2 | |
| Fragmentation Shards | 1 | |
| Barrage | 1 | |
8 total
» buildings
| Altar of Kings | 1 | |
| Farm | 14 | |
| Lumber Mill | 1 | |
| Scout Tower | 7 | |
| Arcane Tower | 2 | |
| Guard Tower | 5 | |
| Barracks | 2 | |
| Keep | 1 | |
| Blacksmith | 1 | |
| Castle | 1 | |
| Workshop | 2 | |
| Arcane Vault | 1 | |
| Town Hall | 1 | |
39 total
» build order
00:11 Altar of Kings
00:13 Farm
00:59 Lumber Mill
01:17 Scout Tower
01:31 Farm
01:48 Scout Tower
02:15 Farm
02:26 Scout Tower
02:33 Arcane Tower
02:34 Guard Tower
02:58 Scout Tower
03:03 Barracks
03:15 Arcane Tower
03:28 Guard Tower
03:30 Farm
04:28 Scout Tower
04:31 Scout Tower
04:57 Guard Tower
05:04 Farm
05:08 Barracks
05:09 Keep
05:13 Guard Tower
05:42 Blacksmith
05:46 Farm
06:27 Farm
07:18 Scout Tower
07:43 Castle
08:04 Farm
08:06 Guard Tower
08:48 Workshop
10:33 Workshop
12:10 Farm
12:45 Arcane Vault
13:26 Farm
13:55 Farm
14:15 Farm
18:48 Farm
21:02 Farm
23:30 Town Hall
» items
team 2 (winner)
Invisibility (
blue | 93 APM | 3814 actions | 41:07)
10 Blood Mage
3 Flame Strike
3 Siphon Mana
1 Summon Phoenix
3 Banish
» actions
| Assign group hotkey | 87 | |
| Basic commands | 264 | |
| Build / train | 220 | |
| ESC pressed | 7 | |
| Enter build submenu | 78 | |
| Enter hero's abilities submenu | 10 | |
| Give item / drop item | 6 | |
| Right click | 983 | |
| Select / deselect | 419 | |
| Select group hotkey | 1430 | |
| Use ability | 310 | |
3814 total
» units
| Peasant | 22 | |
| Footman | 4 | |
| Sorceress | 2 | |
| Gryphon Rider | 9 | |
| Knight | 2 | |
| Spell Breaker | 1 | |
40 total
» upgrades
| Masonry | 3 | |
| Sorceress Training | 2 | |
| Magic Sentry | 1 | |
| Lumber Harvesting | 2 | |
| Swords | 3 | |
| Armor | 3 | |
| Storm Hammers | 1 | |
| Animal War Training | 1 | |
| Cloud | 1 | |
| Backpack | 1 | |
18 total
» buildings
| Altar of Kings | 1 | |
| Barracks | 1 | |
| Farm | 14 | |
| Arcane Vault | 1 | |
| Town Hall | 5 | |
| Scout Tower | 44 | |
| Arcane Tower | 4 | |
| Keep | 5 | |
| Lumber Mill | 1 | |
| Guard Tower | 74 | |
| Arcane Sanctum | 1 | |
| Castle | 4 | |
| Gryphon Aviary | 4 | |
| Blacksmith | 2 | |
161 total
» build order
00:55 Altar of Kings
00:57 Barracks
00:59 Farm
01:06 Farm
01:12 Farm
01:25 Farm
02:12 Farm
02:15 Arcane Vault
02:54 Farm
03:57 Town Hall
03:59 Scout Tower
04:16 Scout Tower
04:22 Arcane Tower
04:22 Arcane Tower
04:53 Arcane Tower
05:28 Keep
05:28 Keep
05:28 Keep
05:39 Scout Tower
05:42 Scout Tower
05:47 Lumber Mill
07:02 Town Hall
07:03 Scout Tower
07:05 Scout Tower
07:07 Scout Tower
07:09 Scout Tower
07:16 Guard Tower
07:17 Guard Tower
07:17 Guard Tower
07:38 Guard Tower
07:38 Guard Tower
07:38 Guard Tower
07:39 Guard Tower
08:15 Guard Tower
08:15 Guard Tower
08:20 Guard Tower
08:20 Guard Tower
08:21 Guard Tower
09:17 Arcane Sanctum
10:44 Guard Tower
10:44 Guard Tower
10:44 Guard Tower
10:49 Guard Tower
10:49 Guard Tower
10:49 Guard Tower
10:53 Scout Tower
10:54 Scout Tower
10:55 Scout Tower
11:01 Scout Tower
11:02 Scout Tower
11:03 Scout Tower
11:04 Scout Tower
11:05 Scout Tower
11:14 Scout Tower
11:30 Guard Tower
11:30 Guard Tower
11:31 Guard Tower
11:31 Guard Tower
11:32 Guard Tower
11:34 Guard Tower
11:34 Guard Tower
11:34 Guard Tower
11:53 Guard Tower
11:56 Guard Tower
11:56 Guard Tower
11:56 Guard Tower
14:55 Castle
14:55 Castle
14:55 Castle
15:09 Scout Tower
15:11 Scout Tower
15:12 Scout Tower
15:14 Scout Tower
15:15 Scout Tower
15:17 Scout Tower
15:24 Scout Tower
15:25 Scout Tower
15:26 Scout Tower
15:27 Scout Tower
15:28 Scout Tower
15:29 Scout Tower
15:48 Guard Tower
16:09 Guard Tower
16:11 Guard Tower
16:52 Gryphon Aviary
16:53 Gryphon Aviary
16:54 Gryphon Aviary
16:55 Gryphon Aviary
17:11 Blacksmith
17:12 Blacksmith
18:49 Farm
20:50 Scout Tower
20:51 Scout Tower
20:52 Scout Tower
20:53 Scout Tower
20:53 Scout Tower
21:26 Guard Tower
21:26 Guard Tower
21:26 Guard Tower
21:27 Guard Tower
21:27 Guard Tower
21:27 Guard Tower
21:28 Guard Tower
25:47 Town Hall
26:20 Scout Tower
26:21 Scout Tower
26:24 Scout Tower
26:25 Farm
27:12 Guard Tower
27:12 Guard Tower
27:47 Scout Tower
27:49 Farm
27:50 Farm
27:52 Scout Tower
27:53 Scout Tower
27:54 Farm
28:16 Scout Tower
28:16 Scout Tower
28:17 Scout Tower
28:18 Scout Tower
28:46 Guard Tower
28:47 Guard Tower
29:34 Guard Tower
29:35 Guard Tower
29:35 Guard Tower
29:46 Guard Tower
29:46 Guard Tower
29:46 Guard Tower
30:31 Guard Tower
30:31 Guard Tower
34:50 Town Hall
36:07 Town Hall
40:49 Farm
40:56 Farm
40:58 Farm
» items
| Scroll of Regeneration | 11 | |
| Staff of Teleportation | 1 | |
| Potion of Invisibility | 3 | |
| Periapt of Vitality | 1 | |
| Lesser Clarity Potion | 12 | |
| Ivory Tower | 3 | |
| Potion of Mana | 3 | |
| Scroll of Town Portal | 4 | |
| Staff of Sanctuary | 1 | |
| Potion of Healing | 2 | |
41 total
SPIRIT-OF-WISP. (
teal | 30 APM | 501 actions | 16:29)
1 Dreadlord
1 Sleep
» actions
| Assign group hotkey | 16 | |
| Basic commands | 5 | |
| Build / train | 28 | |
| Enter build submenu | 16 | |
| Enter hero's abilities submenu | 1 | |
| Give item / drop item | 2 | |
| Remove unit from queue | 1 | |
| Right click | 178 | |
| Select / deselect | 100 | |
| Select group hotkey | 124 | |
| Use ability | 30 | |
501 total
» units
» upgrades
| Unholy Strength | 3 | |
| Exhume Corpses | 1 | |
| Backpack | 1 | |
5 total
» buildings
| Graveyard | 1 | |
| Crypt | 1 | |
| Ziggurat | 9 | |
| Altar of Darkness | 1 | |
| Nerubian Tower | 2 | |
| Tomb of Relics | 1 | |
| Halls of the Dead | 1 | |
| Spirit Tower | 3 | |
| Slaughterhouse | 2 | |
| Black Citadel | 1 | |
| Sacrificial Pit | 1 | |
23 total
» build order
00:08 Graveyard
00:12 Crypt
00:38 Ziggurat
01:06 Altar of Darkness
01:34 Nerubian Tower
01:35 Nerubian Tower
01:51 Tomb of Relics
03:11 Halls of the Dead
03:22 Ziggurat
03:26 Ziggurat
03:32 Ziggurat
03:37 Ziggurat
04:49 Spirit Tower
06:09 Slaughterhouse
06:14 Slaughterhouse
06:29 Black Citadel
11:05 Ziggurat
11:06 Ziggurat
12:15 Spirit Tower
12:58 Ziggurat
13:00 Ziggurat
14:04 Sacrificial Pit
14:08 Spirit Tower
» items
| Staff of Teleportation | 1 | |
| Potion of Invisibility | 1 | |
| Scroll of Regeneration | 1 | |
| Scroll of Town Portal | 1 | |
4 total

»
Thesius (
pink | 17 APM | 498 actions | 28:35)
1 Mountain King
1 Storm Bolt
» actions
| Basic commands | 7 | |
| Build / train | 31 | |
| Enter build submenu | 13 | |
| Enter hero's abilities submenu | 1 | |
| Remove unit from queue | 1 | |
| Right click | 59 | |
| Select / deselect | 360 | |
| Use ability | 26 | |
498 total
» units
» upgrades
» buildings
| Keep | 1 | |
| Barracks | 2 | |
| Altar of Kings | 1 | |
| Blacksmith | 1 | |
| Farm | 4 | |
| Lumber Mill | 1 | |
| Arcane Vault | 1 | |
| Scout Tower | 3 | |
14 total
» build order
03:04 Keep
03:27 Barracks
03:29 Barracks
03:32 Altar of Kings
03:34 Blacksmith
03:36 Farm
03:42 Lumber Mill
03:47 Arcane Vault
05:21 Farm
06:05 Farm
06:27 Farm
07:51 Scout Tower
07:54 Scout Tower
07:57 Scout Tower
» items
| Potion of Healing | 1 | |
| Ivory Tower | 3 | |
4 total

»
Oni (
purple | 15 APM | 522 actions | 33:45)
1 Death Knight
1 Death Coil
» actions
| Assign group hotkey | 14 | |
| Basic commands | 1 | |
| Build / train | 40 | |
| Enter build submenu | 19 | |
| Enter hero's abilities submenu | 1 | |
| Right click | 186 | |
| Select / deselect | 175 | |
| Select group hotkey | 36 | |
| Use ability | 50 | |
522 total
» units
| Acolyte | 3 | |
| Ghoul | 3 | |
| Crypt Fiend | 7 | |
| Gargoyle | 3 | |
| Frost Wyrm | 6 | |
22 total
» upgrades
» buildings
| Altar of Darkness | 1 | |
| Ziggurat | 7 | |
| Crypt | 1 | |
| Graveyard | 1 | |
| Nerubian Tower | 2 | |
| Tomb of Relics | 1 | |
| Halls of the Dead | 1 | |
| Spirit Tower | 2 | |
| Sacrificial Pit | 1 | |
| Black Citadel | 1 | |
| Slaughterhouse | 1 | |
| Boneyard | 4 | |
23 total
» build order
00:05 Altar of Darkness
00:10 Ziggurat
00:14 Crypt
01:13 Graveyard
01:33 Nerubian Tower
01:39 Ziggurat
02:20 Tomb of Relics
03:22 Halls of the Dead
03:42 Spirit Tower
04:22 Ziggurat
05:15 Ziggurat
05:17 Ziggurat
06:25 Nerubian Tower
06:41 Sacrificial Pit
08:46 Black Citadel
09:44 Slaughterhouse
10:29 Ziggurat
11:10 Boneyard
11:25 Boneyard
11:38 Boneyard
11:49 Ziggurat
12:17 Spirit Tower
16:30 Boneyard
» items
| Dust of Appearance | 1 | |
| Rod of Necromancy | 1 | |
| Potion of Mana | 2 | |
| Orb of Corruption | 1 | |
| Scroll of Town Portal | 1 | |
6 total
Chat log
(00:19 / All) GobbleGobbleNub: ME SO HORNY
(00:31 / All) GobbleGobbleNub: ME LOVE YOU LONG TIME
(00:34 / 5) Invisibility: He's mid left and undead, poor guy had to pick that race
(01:03 / All) SPIRIT-OF-WISP.: anyone of any good movie collection bundles u can get on dvd, or video game bundles NOT from steam
(01:38 / All) GobbleGobbleNub: i get games from steam..but just buy movies as blurays on sale for 5 bux
(01:50 / All) Invisibility: I get my games from Blackcats
(01:53 / All) GobbleGobbleNub: fuck paying to stream
(02:21 / All) ANTI03: CANTE EVEN RUN ANY GAMES I GET FROM STEAM THEY SALL CRASH
(02:34 / All) HaveSomeWine: Knock on the door, and the door knocks back
(02:38 / All) ANTI03: I GET MY GAMES FROM THE PIRATE BAY
(02:47 / All) Invisibility: Public trackers? Ew
(04:07 / All) Invisibility: level 1 harassing retard
(04:42 / All) Invisibility: level 1 harassing retard harassing a retard
(04:50 / Allies) Oni: true
(05:40 / Allies) Thesius: ty purple
(05:45 / Allies) Oni: np
(07:53 / Allies) Oni: blue
(08:10 / Allies) Invisibility: I can do more if I counter
(09:52 / All) Invisibility: Wow red is utter shit
(09:54 / All) Invisibility: Dying to 1 hero
(10:26 / Allies) Thesius: blue u have almost 5k
(10:30 / Allies) Invisibility: Yup
(10:35 / Allies) Oni: blue wtf
(11:18 / Allies) Thesius: now he has 5k
(11:27 / Allies) Invisibility: No, 4.7
(11:35 / Allies) Thesius: u had 5k
(11:37 / Allies) Invisibility: not 4.5
(11:39 / Allies) Oni: gold
(11:40 / Allies) Invisibility: now 4.5*
(11:43 / Allies) Oni: ?
(11:48 / Allies) Invisibility: They're in the mines
(12:05 / Allies) Invisibility: tauren
(12:14 / All) Invisibility: 6 peons on gold
(13:01 / Allies) Oni: gold lumber??
(13:07 / All) Invisibility: How food blocked are you, red?
(13:25 / All) Invisibility: Are you enjoying your tauren?
(13:27 / All) Invisibility: Or can you not make them?
(14:06 / All) Invisibility: lol
(14:18 / All) HaveSomeWine: Nemo me impune lacessit
(14:25 / All) Thesius: congratulations blue, you play this all the time
(14:32 / All) SPIRIT-OF-WISP.: LOL
(14:52 / All) Invisibility: Wha daur meddle wi me?
(15:25 / Allies) Oni: crap shit team wow
(15:35 / Allies) Invisibility: I did more than you with 1 hero
(16:06 / Allies) Oni: blue their mortar team is gonna rape you all you did wasbank and pink at east fought
(16:09 / All) HaveSomeWine: In pace requiescat!
(16:28 / All) Invisibility: lol
(16:30 / All) Invisibility: tping after 1 hero
(16:47 / Allies) Oni: idiot number 3
(16:54 / All) ANTI03: LOL YOURE NOT EVEN USING ANY UNITS BLUE YOU THINK YOU CAN WIN THAT WAY<
(16:59 / All) Invisibility: Yes
(17:02 / All) Invisibility: It's working so far against you
(17:04 / All) Invisibility: You're trash
(17:19 / All) Thesius: blue is getting air
(17:23 / All) ANTI03: :`(
(17:38 / All) ANTI03: WHEN?1
(17:47 / All) Invisibility: nice mortars
(17:53 / All) Thesius: he's building 4 gryphon aviarys
(17:59 / All) Invisibility: lol
(18:03 / All) Invisibility: Pink is mad and wants me to lose
(18:03 / All) Thesius: but he has no wood cause hes a dummy
(18:12 / All) Invisibility: I have enough
(18:21 / Allies) Oni: lol dude
(18:50 / Allies) Oni: oj s got bats you wont even get 3 birds in flight
(19:04 / Allies) Invisibility: wrong chat dummy
(19:21 / Allies) Oni: im just talking to u fool
(19:25 / All) ANTI03: FUCK BLUE STOP, ITS ANNOYING
(19:30 / Allies) Invisibility: you said oj
(19:43 / Allies) Oni: oj got bats
(19:46 / Allies) Oni: lots
(19:54 / Allies) Invisibility: he's human
(20:06 / Allies) Oni: yellow
(20:09 / Allies) Oni: i mean
(20:31 / All) GobbleGobbleNub: gtfo
(20:31 / All) Invisibility: bears lol
(20:37 / All) GobbleGobbleNub: fag lol
(20:37 / All) Invisibility: You get the fuck out my expo bitcj
(20:40 / All) Invisibility: bitch
(20:53 / All) GobbleGobbleNub: die soon faggot
(21:07 / All) Invisibility: No
(21:13 / All) GobbleGobbleNub: yes
(22:04 / All) Oni: why dont y buildmore units u cant win a 4 vs 1 with n units impossible
(22:13 / All) GobbleGobbleNub: trash
(23:00 / All) GobbleGobbleNub: fucking trash
(23:10 / All) ANTI03: LOL HOW MANY TPS IS THAT BLUE THIS GAME LIKE 7o
(23:13 / All) Oni: didnt hep one ally guys not one
(23:15 / All) Invisibility: One of us is losing and not me
(23:17 / All) Thesius: no one likes blue.... : (
(23:28 / All) Oni: had over 10 k
(23:28 / All) Thesius: he has another mone
(23:30 / All) Thesius: mine
(23:34 / All) Thesius: next to his main
(23:39 / All) GobbleGobbleNub: trash
(23:59 / All) Invisibility: lol
(24:15 / All) Invisibility: fucking getting raped at my wall
(24:28 / All) Oni: all he did was harrass whie you guys killed us obiously hee lvel up and thought he was better meanwhile I fought to help pink
(24:39 / All) Invisibility: lol
(24:44 / All) Oni: could have given me money for frost but no
(24:59 / All) Invisibility: aboslute trash
(25:03 / All) Invisibility: 1v3ed
(25:06 / All) prolifious: yellow is bithc made
(25:18 / All) GobbleGobbleNub: wtf yellow faggot
(25:22 / All) Invisibility: lol
(25:42 / All) prolifious: kid has 13 k gold
(25:48 / Allies) Oni: blue make one hero share the unit
(25:56 / All) Thesius: i think blue and yellow are the same guy
(26:01 / All) GobbleGobbleNub: likely
(26:05 / All) Invisibility: lol
(26:29 / All) Thesius: his base is the same layout as yellows
(26:34 / All) prolifious: what a tool hes killing all my shit
(26:42 / All) Invisibility: I would have gotten it anyway
(26:45 / All) Invisibility: he's just speeding it up
(26:47 / All) Invisibility: you suck ass
(26:48 / All) Thesius: and yellow and blue don't have stats
(26:56 / All) Thesius: they're both hacked accounts
(27:02 / All) Oni: ??????????????????????????????????????
(27:03 / All) Invisibility: lol
(27:16 / All) Thesius: i'm going to report them after the game is over
(27:18 / All) Oni: there is no way that could be could it
(27:24 / All) Invisibility: detonating on a hero without mana LOL
(27:27 / All) GobbleGobbleNub: total coward
(27:38 / All) Thesius: try to check the stats for blue and yellow
(27:41 / All) Thesius: you can't
(27:44 / All) Thesius: hacked accounts
(28:28 / All) Thesius: im going to go and report them
(28:31 / All) Thesius: later all
(28:34 / All) Invisibility: lol
(28:47 / Allies) Oni: dude make paladin ill help no gay shit
(28:54 / Allies) Oni: you can still win
(28:58 / Allies) Invisibility: I am winning
(29:15 / Allies) Oni: are you playing yellow? for real
(29:23 / Allies) Invisibility: He's my friend lawl
(30:41 / All) Invisibility: mountain giants
(30:48 / All) Invisibility: I can't tell if you are seriously playing wc3 with those
(32:00 / Allies) Oni: blue make a paladin
(32:36 / All) Invisibility: can't get 1 expo of mine
(32:47 / All) GobbleGobbleNub: worthless cheater
(32:49 / All) GobbleGobbleNub: burn in hell
(32:49 / All) Invisibility: it's mined out too
(32:52 / All) Invisibility: lol
(32:53 / All) Invisibility: Cheater?
(32:57 / All) HaveSomeWine: hehe
(33:05 / Allies) Oni: oh
(33:06 / All) Invisibility: I wonder what made him think that
(33:19 / All) HaveSomeWine: They think we are the same person
(33:22 / All) Invisibility: All that over a mined out expo
(33:25 / Allies) Oni: yellow never attacked u why
(33:27 / Allies) Invisibility: told you
(34:38 / All) HaveSomeWine: Oh your team left
(34:43 / All) HaveSomeWine: Too bad
(35:38 / All) HaveSomeWine: take care of orange's base plez
(35:42 / All) Invisibility: omw to
(35:56 / All) Invisibility: Purple kept begging for me to get him a hero and share control
(36:02 / All) HaveSomeWine: lawl
(38:50 / All) HaveSomeWine: Red tried to attack me with his piddling force and I said "good one" then he left after all his shit died
(39:02 / All) HaveSomeWine: He got a wyvern
(39:05 / All) Invisibility: I killed all his workers and burrows with just my hero
(39:07 / All) Invisibility: He sucked
(39:27 / All) HaveSomeWine: he tried to take on 7 wyverns and bm with like 5 headhunters
(39:44 / All) Invisibility: lol
(40:08 / All) HaveSomeWine: that shop had a long trek